 Dungeon Crawl Stone Soup version 0.28-a0-1184-g53156a8862 (webtiles) character file.

Game seed: 951055615451474364

407 mainiacjoe the Stinger (level 6, 0/36 HPs)
             Began as an Octopode Venom Mage on Dec 17, 2021.
             Slain by a phantom (5 damage)
             ... on level 3 of the Dungeon.
             The game lasted 00:12:42 (4248 turns).

mainiacjoe the Stinger (Octopode Venom Mage)        Turns: 4248, Time: 00:12:42

Health: 0/36       AC:  1    Str:  8    XL:     6   Next: 88%
Magic:  10/10      EV: 13    Int: 25    God:
Gold:   147        SH:  0    Dex: 12    Spells: 1/11 levels left

rFire   . . .      SeeInvis .   a - +0 rapier
rCold   . . .      Faith    .   (no shield)
rNeg    . . .      Spirit   .   (helmet restricted)
rPois   .          Reflect  .   (no amulet)
rElec   .          Harm     .   l - +6 ring of intelligence
rCorr   .          Rampage  .   r - ring of wizardry
Will    .....                   (no ring)
Stlth   +++.......              (no ring)
HPRegen 0.12/turn               (no ring)
MPRegen 0.12/turn               (no ring)
                                (no ring)
                                (no ring)

@: no status effects
A: almost no armour, amphibious, 8 rings, camouflage 1, gelatinous body 1,
(nimble swimmer 1), tentacles
a: no special abilities


You were on level 3 of the Dungeon.
You visited 1 branch of the dungeon, and saw 4 of its levels.
You also visited: Sewer.

You collected 147 gold pieces.

Inventory:

Hand Weapons
 a - a +0 rapier (weapon)
 b - a +0 hunting sling
 w - a +0 dagger
 x - a +0 mace of draining
Missiles
 c - 86 stones (quivered)
 p - 59 sling bullets
 s - 8 poisoned darts
Jewellery
 l - a +6 ring of intelligence (left tentacle)
 o - an amulet of faith
 r - a ring of wizardry (right tentacle)
Scrolls
 d - a scroll of magic mapping
 e - a scroll of brand weapon {unknown}
 f - a scroll of fear {unknown}
 h - a scroll of torment {unknown}
 j - a scroll of acquirement {unknown}
 k - a scroll of teleportation {unknown}
 n - 2 scrolls of holy word
 q - 2 scrolls of summoning
 y - a scroll of amnesia {unknown}
Potions
 g - 2 potions of heal wounds
 i - a potion of attraction {unknown}
 m - a potion of cancellation
 t - 2 potions of flight
 u - a potion of curing
 v - a potion of lignification


   Skills:
 - Level 2.0 Dodging
 - Level 2.6 Stealth
 - Level 3.0 Spellcasting
 - Level 2.0 Conjurations
 - Level 1.0 Transmutations
 - Level 2.0 Air Magic
 + Level 7.5 Poison Magic


You had one spell level left.
You knew the following spells:

 Your Spells              Type           Power      Damage    Failure   Level
a - Sting                 Tmut/Pois      100%       1d8       1%          1
b - Poisonous Vapours     Pois/Air       54%        N/A       1%          2
c - Mephitic Cloud        Conj/Pois/Air  22%        N/A       2%          3
d - Olgreb's Toxic Radia  Pois           41%        N/A       1%          4

Your spell library contained the following spells:

 Spells                   Type           Power      Damage    Failure   Level
 Animate Skeleton         Necr           6%         N/A       4%          1
 Pain                     Necr           12%        1d4       4%          1
 Static Discharge         Conj/Air       13%        N/A       2%          2
 Vampiric Draining        Necr           3%         2d6       12%         3
 Lightning Bolt           Conj/Air       6%         1d18      43%         5
 Maxwell's Capacitive Co  Air            6%         ∞         100%        8


Dungeon Overview and Level Annotations

Branches:
Dungeon (4/15)              Sewer (visited)
 Temple: D:4-7

Altars:

Annotations:
D:2 1 runed translucent door, Crazy Yiuf
D:3 2 exclusions
D:4 Dowan, Duvessa


Innate Abilities, Weirdness & Mutations

You cannot wear most types of armour.
You are amphibious.
You can wear up to eight rings at the same time.
Your skin changes colour to match your surroundings (Stealth+).
Your rubbery body absorbs attacks. (AC +1, EV +1)
((You are camouflaged near water. (Stealth+)))
You have tentacles for arms and can constrict up to eight enemies at once.


Message History

Key pressed, stopping explore.
c - 83 stones (gained 7)
c - 84 stones (gained 1)
c - 85 stones (gained 1)
You see here a jackal corpse.
Found a stone staircase leading up.
c - 86 stones (gained 1)
A phantom comes into view.
y - a scroll labelled RAC XOMEMEKH
Found a scroll of identify.
a - a +0 rapier (weapon)
The phantom closely misses you.
You hit the phantom but do no damage. The phantom barely misses you.
You barely miss the phantom. The phantom hits you!
The phantom blinks!
You blink.
You barely miss the phantom. Your squeeze misses the phantom.
The phantom misses you.
You hit the phantom but do no damage. The phantom hits you!
You hit the phantom.
The phantom is lightly damaged.
The phantom hits you.
The phantom blinks!
You blink.
Duvessa and Dowan come into view.
The phantom hits you.
* * * LOW HITPOINT WARNING * * *
Duvessa shouts!
Dowan shouts!
The phantom barely misses you. The phantom hits you.
* * * LOW HITPOINT WARNING * * *
The phantom blinks!
You blink.
You open the door.
The phantom hits you but does no damage.
There is an open door here.
Duvessa says, "My weaknesses are his strengths!"
There is a stone staircase leading up here.
The phantom closely misses you.
You climb upwards.
Level annotation: 2 exclusions
There is a stone staircase leading down here.
You hit the phantom but do no damage. The phantom hits you.
You die...

############# ############
#...........# #...........
######.#########.#
#.########## .....#.## #.#
#.# #
####....########.#####.######
# #........................#
#
####...####.###.#####)####.#
# #.....## #.# #.# #.# #.# #
#.###.# ###.# #@# #.# #.# #
#.# #.# #...# #W#
#.####.##### #.# #.#
#.#.###.#####....†...... #.#
#.# #.#.##........####.####.
#.#
#.###.#.##..#####.####.####.
#.# #...........#
#........... ##.#
#.###)#.##.## ######.####.
...# #.# #.#.##.# #.####.
#### #.# #.#.##.# #......


You could see a phantom.

Vanquished Creatures
  Eustachio (D:4)
  A kobold brigand (Sewer)
  A hound (D:4)
  Jessica (D:2)
  An iguana (D:4)
  A gnoll (D:1)
  An adder (D:3)
  2 dart slugs
  An orc (D:3)
  2 bats (D:1)
  7 endoplasms
  7 giant cockroaches
  5 goblins
  4 hobgoblins
  15 jackals
  10 kobolds
  3 quokkas (D:3)
  7 ball pythons
  2 frilled lizards
  9 rats
81 creatures vanquished.

Notes
Turn   | Place    | Note
-------+----------+-------------------------------------------
     0 | D:1      | mainiacjoe the Octopode Venom Mage began the quest for the
                  | Orb.
     0 | D:1      | Reached XP level 1. HP: 11/11 MP: 3/3
   184 | D:1      | Reached XP level 2. HP: 17/17 MP: 3/5
   187 | D:1      | Learned a level 2 spell: Poisonous Vapours
   219 | D:1      | Reached skill level 4 in Poison Magic
  1039 | D:1      | Reached XP level 3. HP: 15/21 MP: 6/6
  1121 | D:1      | Learned a level 3 spell: Mephitic Cloud
  1704 | D:2      | Found a faded altar of an unknown god.
  1940 | D:2      | Reached XP level 4. HP: 27/27 MP: 8/8
  2044 | D:2      | Noticed Jessica
  2055 | D:2      | Killed Jessica
  2056 | D:2      | Reached skill level 1 in Conjurations
  2056 | D:2      | Reached skill level 1 in Air Magic
  2345 | D:2      | Found a runed translucent door.
  2346 | D:2      | Noticed Crazy Yiuf
  2532 | D:3      | Found a glowing drain.
  2647 | Sewer    | Entered a sewer
  2826 | Sewer    | Noticed a kobold brigand
  2839 | Sewer    | Killed a kobold brigand
  2840 | Sewer    | Reached skill level 5 in Poison Magic
  2840 | Sewer    | Reached XP level 5. HP: 27/31 MP: 4/9
  3127 | Sewer    | Found a white marble altar of Elyvilon.
  3352 | D:3      | Learned a level 4 spell: Olgreb's Toxic Radiance
  3741 | D:4      | Noticed Eustachio
  3752 | D:4      | Killed Eustachio
  3753 | D:4      | Reached skill level 7 in Poison Magic
  3753 | D:4      | Reached XP level 6. HP: 34/36 MP: 2/10
  4235 | D:4      | Noticed Duvessa
  4235 | D:4      | Noticed Dowan
  4248 | D:3      | Slain by a phantom

Illustrated notes

Levels and vault maps discovered:
D:1:      minmay_arrival_open_corners, layout_basic
D:2:      layout_rooms, hellmonk_ecumenical_altar_lost_god,
          minmay_misc_feat_chi, minmay_tromino_v7, uniq_crazy_yiuf_cottage,
          uniq_jessica
D:3:      layout_loops_ring, gup_sewer_entry_pipe
D:4:      layout_basic, nicolae_tso_swordbearing_angel, uniq_duvessa,
          uniq_eustachio

Skill      XL: |  1  2  3  4  5 |
---------------+----------------+-----
Poison Magic   | 4 5 7 |  7.5
Spellcasting   | 3 |  3.0
Conjurations   | 2 |  2.0
Air Magic      | 2 |  2.0
Dodging        | |  2.0
Stealth        | |  2.6
Transmutations | |  1.0

Action                   |  1- 3 |  4- 6 || total
-------------------------+-------+-------++-------
Melee: Dagger            |     6 |    15 ||    21
       Constrict         |     3 |     9 ||    12
       Short sword       |    12 |       ||    12
       Whip              |     3 |       ||     3
       Tentacles         |     1 |     1 ||     2
       Mace              |       |    14 ||    14
       Rapier            |       |     6 ||     6
 Fire: Hunting sling     |    21 |   115 ||   136
Throw: Stone             |    33 |     1 ||    34
 Cast: Sting             |    23 |    15 ||    38
       Poisonous Vapours |    14 |    14 ||    28
       Mephitic Cloud    |       |     1 ||     1
  Use: Scroll            |       |     6 ||     6
 Stab: Sleeping          |     2 |       ||     2
Armor: Skin              |     5 |     7 ||    12
Dodge: Dodged            |    33 |    73 ||   106

Table legend: (Time is in decaauts)
 A = Elapsed time spent in this place.
 B = Non-inter-level travel time spent in this place.
 C = Inter-level travel time spent in this place.
 D = Time resting spent in this place.
 E = Time spent auto-exploring this place.
 F = Levels seen in this place.
 G = Mean time per level.
                   A        B        C        D        E       F      G
               +--------+--------+--------+--------+--------+-----+--------+
         Total |   4277 |   4183 |     94 |    626 |   2558 |   5 |  855.4 |
       Dungeon |   3752 |   3658 |     94 |    549 |   2320 |   4 |  938.0 |
         Sewer |    525 |    525 |      0 |     77 |    238 |   1 |  525.0 |
               +--------+--------+--------+--------+--------+-----+--------+

Top non-repeatable levels by time:
     D:1: 1583 daAuts
     D:3: 857 daAuts
     D:2: 798 daAuts
   Sewer: 525 daAuts
     D:4: 512 daAuts
